 Dungeon Crawl Stone Soup version 0.20-a0-709-gd40821f (webtiles) character file.

1553 nono the Covert (level 9, -1/48 HPs)
             Began as a Kobold Assassin on Feb 21, 2017.
             Was an Initiate of Ieoh Jian.
             Hit by a tomahawk thrown by an orc warrior (12 damage)
             ... on level 6 of the Dungeon.
             The game lasted 00:15:09 (5423 turns).

nono the Covert (Kobold Assassin)                   Turns: 5423, Time: 00:15:10

Health: -1/48      AC:  8    Str: 10    XL:     9   Next: 12%
Magic:  9/9        EV: 17    Int: 13    God:    Ieoh Jian [......]
Gold:   117        SH:  4    Dex: 17    Spells: 8/8 levels left

rFire    + . .     SeeInvis .   a - +2 whip (elec)
rCold    . . .     Gourm    .   h - +1 ring mail {rF+}
rNeg     + . .     Faith    .   b - +0 buckler
rPois    .         Spirit   .   l - +0 helmet
rElec    .         Reflect  .   d - +0 cloak
rCorr    .         Harm     .   (no gloves)
MR       .....                  (no boots)
Stlth    +++++.....             (no amulet)
Regen    0.2/turn               f - ring of stealth
MPRegen  0.2/turn               D - ring of positive energy

@: drained
A: carnivore 3
a: Renounce Religion


You were on level 6 of the Dungeon.
You worshipped Ieoh Jian.
Ieoh Jian was noncommittal.
You were full.

You visited 2 branches of the dungeon, and saw 8 of its levels.

You collected 291 gold pieces.
You spent 174 gold pieces at shops.

Inventory:

Hand Weapons
 a - a +2 whip of electrocution (weapon)
 k - a +1 short sword of freezing
 P - a +0 blowgun
Missiles
 e - 30 poisoned needles
 I - 4 needles of paralysis
 R - 2 curare-tipped needles
Armour
 b - a +0 buckler (worn)
 c - a +0 robe
 d - a +0 cloak (worn)
 h - a +1 ring mail of fire resistance (worn)
 l - a +0 helmet (worn)
Jewellery
 f - a ring of stealth (right hand)
 D - a ring of positive energy (left hand)
 F - an uncursed ring of fire
 T - an uncursed amulet of harm
Wands
 u - a wand of confusion (19/48)
 H - a wand of iceblast (6/15)
 K - a wand of random effects (15/48)
 S - a wand of random effects (25/48)
Scrolls
 n - 2 scrolls of immolation {unknown}
 p - 8 scrolls of identify {unknown}
 r - a scroll of fear {unknown}
 w - 3 scrolls of teleportation
 y - a scroll of fog {unknown}
 z - 2 scrolls of amnesia {unknown}
 C - 2 scrolls of remove curse {unknown}
 E - a scroll of enchant weapon {unknown}
 G - a scroll of summoning {unknown}
 J - a scroll of magic mapping {unknown}
 M - a scroll of recharging {unknown}
 O - 2 scrolls of random uselessness {unknown}
Potions
 i - 2 potions of lignification {unknown}
 j - a potion of heal wounds
 m - a potion of cancellation {unknown}
 q - a potion of magic {unknown}
 s - 2 potions of invisibility {unknown}
 x - 2 potions of curing {unknown}
 A - a potion of haste {unknown}
 B - 3 potions of mutation {unknown}
 L - a potion of brilliance {unknown}
 N - a potion of berserk rage {unknown}
 Q - a potion of might
Books
 v - a book of Minor Magic

   Spells                             Type                      Level
   a - Magic Dart                     Conjuration                  1
   b - Blink                          Translocation                2
   c - Call Imp                       Summoning                    2
   d - Slow                           Hexes                        2
   e - Conjure Flame                  Conjuration/Fire             3
   f - Mephitic Cloud                 Conjuration/Poison/Air       3
Comestibles
 g - 2 meat rations
 t - 3 royal jellies


   Skills:
 - Level 2.1(2.0) Fighting
 - Level 6.3(6.1) Short Blades
 + Level 3.0(2.8) Maces & Flails
 - Level 2.1(2.0) Throwing
 - Level 2.5(2.3) Armour
 + Level 8.2(8.0) Dodging
 - Level 8.9(8.7) Stealth


You had 8 spell levels left.
You didn't know any spells.

Dungeon Overview and Level Annotations

Branches:
Dungeon (7/15)             Temple (1/1) D:6

Altars:
Ashenzari
Elyvilon
Fedhas
Gozag Ieoh Jian
Kikubaaqudgha
Makhleb
Ru
Sif Muna
Trog
Uskayaw
Vehumet
Yredelemnul
Zin

Shops:
D:4 (   D:5 *


Innate Abilities, Weirdness & Mutations

You are small and have problems with some larger weapons.
You are carnivorous and can eat meat at any time.


Message History

You hit the orc warrior but do no damage.
Lightning courses through the orc warrior!
The orc warrior is heavily wounded.
You block the orc's attack. The orc barely misses you.
The orc warrior hits you with a war axe!
The orc warrior throws a tomahawk.
The tomahawk completely misses you.
You barely miss the orc. The orc misses you.
You hit the orc warrior.
The orc warrior is heavily wounded.
The orc warrior hits you with a war axe.
You block the orc's attack.
You closely miss the orc warrior.
The orc warrior is heavily wounded.
The orc warrior completely misses you. The orc completely misses you.
The orc warrior throws a tomahawk.
The tomahawk hits you!
* * * LOW HITPOINT WARNING * * *
You see here a tomahawk.
You see here 4 fruits.
The orc warrior throws a tomahawk.
The tomahawk hits you!
You die...

###....#.....########
###)...#.####....>..#
.##)##.#.## #.#####.#
.##(##....#
#.#####<#############
..).)...#.#
#.##........#..)....#
....##....#
#.##.##.###....)#.#.#
...##...### #.......#
###.#)..... .♣.##...#
####.#### #.#####.# >..##...#
#@#### #.#####.# .♣..#...#
###o...#####.......# ........#
#..>.%.....#########
#####...######.###..###......#
...............###..###......#
.................#o.#........#
.........p.....#.#....#..>...#
###..p....####.#.#o#..#......#
#.#...#.# #.....#....######


You could see an orc warrior and an orc.

Vanquished Creatures
  Pikel (D:6)
  Prince Ribbit (D:5)
  An orc warrior (D:6)
  An ogre (D:6)
  A centaur (D:6)
  A gnoll sergeant (D:6)
  A crimson imp (D:6)
  An orc priest (D:6)
  A jelly (D:6)
  A bullfrog skeleton (D:4)
  3 iguanas
  4 orc wizards
  3 worker ants
  2 hound skeletons
  Robin (D:3)
  5 gnolls (D:6)
  7 adders
  An ooze (D:3)
  3 adder skeletons
  2 dart slugs (D:1)
  2 leopard geckos
  8 orcs
  4 giant cockroaches
  8 hobgoblins
  4 jackals (D:2)
  8 kobolds
  7 bats
  3 frilled lizards
  18 goblins
  5 rats
108 creatures vanquished.

Vanquished Creatures (others)
  A bullfrog (D:6)
  An orc priest (D:6)
  A jelly (D:6)
  An orc wizard (D:6)
  A hound zombie (D:6)
5 creatures vanquished.

Grand Total: 113 creatures vanquished

Notes
Turn   | Place    | Note
-------+----------+-------------------------------------------
     0 | D:1      | nono the Kobold Assassin began the quest for the Orb.
     0 | D:1      | Reached XP level 1. HP: 12/12 MP: 1/1
   192 | D:1      | Reached XP level 2. HP: 17/17 MP: 2/2
   291 | D:1      | Reached skill level 1 in Armour
   764 | D:2      | Found an ancient bone altar of Kikubaaqudgha.
   901 | D:2      | Reached XP level 3. HP: 21/21 MP: 3/3
  1716 | D:3      | Found a sacrificial altar of Ru.
  1837 | D:3      | Reached XP level 4. HP: 26/26 MP: 4/4
  1865 | D:3      | Noticed Robin
  1881 | D:3      | Killed Robin
  2236 | D:3      | Reached XP level 5. HP: 30/30 MP: 5/5
  2259 | D:3      | Found a glowing silver altar of Zin.
  2542 | D:4      | Found a burning altar of Makhleb.
  2686 | D:4      | Found a deep blue altar of Sif Muna.
  2740 | D:4      | Reached XP level 6. HP: 35/35 MP: 6/6
  2871 | D:4      | Found Xeus's Weapon Boutique.
  2906 | D:4      | Bought 7 needles of paralysis for 54 gold pieces
  3409 | D:5      | Entered Level 5 of the Dungeon
  3558 | D:5      | Noticed Prince Ribbit
  3592 | D:5      | Killed Prince Ribbit
  3592 | D:5      | Reached XP level 7. HP: 14/40 MP: 7/7
  3963 | D:5      | Found a blossoming altar of Fedhas.
  3996 | D:5      | Found Sigholo's General Store.
  3999 | D:5      | Bought a potion of heal wounds for 50 gold pieces
  4001 | D:5      | Bought a scroll of teleportation for 30 gold pieces
  4001 | D:5      | Bought a potion of might for 40 gold pieces
  4037 | D:6      | Found a staircase to the Ecumenical Temple.
  4044 | Temple   | Entered the Ecumenical Temple
  4111 | Temple   | Became a worshipper of the Ieoh Jian Council
  4371 | D:6      | Reached skill level 5 in Dodging
  4464 | D:6      | Noticed Pikel
  4495 | D:6      | Killed Pikel
  4495 | D:6      | Reached XP level 8. HP: 44/44 MP: 8/8
  4551 | D:6      | Reached skill level 1 in Maces & Flails
  4882 | D:6      | Reached XP level 9. HP: 19/48 MP: 9/9
  5423 | D:6      | Hit by a tomahawk thrown by an orc warrior

Vault maps used:
D:1:      dpeg_arrival_tiny_a
D:2:      nicolae_overflow_crystal_walls
D:3:      marbit_many_paths, old_standard_altar, first_bread, uniq_robin
D:4:      lemuel_crystal_altar, led_sif_pool, kennysheep_windowed_goal
D:5:      serial_shops, nicolae_shop_window_shopping, corexii_hall_statues_i,
          fedhas_altar_fruit_tree, uniq_prince_ribbit1
D:6:      minmay_temple_entry_trees, uniq_pikel
D:7:      grunt_temple_overflow_open, serial_shops, shop
Temple:   dpeg_three_leaves_temple

Skill      XL: |  1  2  3  4  5  6  7  8  9 |
---------------+----------------------------+-----
Dodging        | 2 3 4 6 7 8 |  8.2
Armour         | 1 2 |  2.5
Stealth        | 6 8 |  8.9
Short Blades   | 6 |  6.3
Maces & Flails | 2 3 |  3.0
Fighting       | |  2.1
Throwing       | |  2.1

Action                   |  1- 3 |  4- 6 |  7- 9 || total
-------------------------+-------+-------+-------++-------
Melee: Dagger            |    23 |       |       ||    23
       Short sword       |    62 |   161 |    59 ||   282
       Whip              |       |       |    81 ||    81
 Fire: Blowgun           |       |    10 |     9 ||    19
Evoke: Wand              |       |     1 |     5 ||     6
  Use: Potion            |       |       |     2 ||     2
       Scroll            |       |       |     1 ||     1
 Stab: Sleeping          |     8 |     6 |     4 ||    18
       Distracted        |       |     2 |       ||     2
       Confused          |       |       |     1 ||     1
  Eat: Chunk             |     6 |    11 |     2 ||    19
Armor: Ring mail         |    24 |    39 |    44 ||   107
Dodge: Dodged            |    60 |    91 |   104 ||   255
Block: Buckler           |       |       |     6 ||     6
